 Dungeon Crawl Stone Soup version 0.27-a0-1391-g48c30b3128 (webtiles) character file.

Game seed: 5922352396711869921

44 Nattfarinn the Skirmisher (level 3, -5/37 HPs)
             Began as an Ogre Warper on July 1, 2021.
             Slain by a worm (9 damage)
             ... on level 2 of the Dungeon.
             The game lasted 00:01:17 (1527 turns).

Nattfarinn the Skirmisher (Ogre Warper)             Turns: 1527, Time: 00:01:18

Health: -5/37      AC:  3    Str: 16    XL:     3   Next: 62%
Magic:  6/6        EV: 10    Int: 14    God:
Gold:   38         SH:  0    Dex:  8    Spells: 6/6 levels left

rFire    . . .     SeeInvis .   a - +0 mace
rCold    . . .     Faith    .   (no shield)
rNeg     . . .     Spirit   .   b - +0 robe
rPois    .         Reflect  .   (helmet restricted)
rElec    .         Harm     .   (no cloak)
rCorr    .         Rampage  .   (gloves unavailable)
Will     .....                  (boots unavailable)
Stlth    +.........             (no amulet)
HPRegen  0.12/turn              (no ring)
MPRegen  0.10/turn              (no ring)

@: lethally poisoned (-5 -> -6)
A: large, unfitting armour, tough skin 1
a: no special abilities


You were on level 2 of the Dungeon.
You visited 1 branch of the dungeon, and saw 2 of its levels.

You collected 38 gold pieces.

Inventory:

Hand Weapons
 a - a +0 mace (weapon)
Missiles
 d - 5 boomerangs of dispersal (quivered)
Armour
 b - a +0 robe (worn)
Scrolls
 c - a scroll of blinking
 e - a scroll of enchant weapon {unknown}
 f - a scroll of teleportation {unknown}
 g - a scroll of immolation {unknown}
 i - a scroll of fear {unknown}
Potions
 h - a potion of brilliance {unknown}


   Skills:
 + Level 3.4 Fighting
 * Level 2.8 Maces & Flails
 - Level 1.0 Throwing
 + Level 2.5 Dodging
 - Level 2.4 Spellcasting
 - Level 2.6 Translocations


You had 6 spell levels left.
You didn't know any spells.
Your spell library contained the following spells:

 Spells                   Type           Power      Damage    Failure   Level
 Blink                    Tloc           N/A        N/A       12%         2
 Summon Small Mammal      Summ           4%         N/A       22%         1
 Gell's Gravitas          Tloc           4%         N/A       22%         3
 Lesser Beckoning         Tloc           4%         N/A       22%         3
 Teleport Other           Tloc           9%         N/A       22%         3
 Call Imp                 Summ           1%         N/A       34%         2
 Call Canine Familiar     Summ           1%         N/A       56%         3
 Summon Guardian Golem    Hex/Summ       1%         N/A       56%         3
 Manifold Assault         Tloc           9%         N/A       91%         5
 Summon Ice Beast         Ice/Summ       1%         N/A       92%         4
 Summon Lightning Spire   Summ/Air       1%         N/A       92%         4


Dungeon Overview and Level Annotations

Branches:
Dungeon (2/15)

Altars:

Shops:
D:1 ?


Innate Abilities, Weirdness & Mutations

You are too large for most types of armour.
You have tough skin. (AC +1)


Message History

The adder closely misses you.
You hit the adder.
The adder is heavily wounded.
The adder bites you. The adder completely misses you.
You barely miss the adder.
The adder is heavily wounded.
The adder bites you.
You are poisoned.
The adder poisons you! The adder bites you but does no damage.
You barely miss the adder.
The adder is heavily wounded.
You feel sick. The adder closely misses you.
You hit the adder.
The adder is severely wounded.
You feel sick. The adder bites you.
You are more poisoned.
The adder poisons you! The adder barely misses you.
You miss the adder.
The adder is severely wounded.
You feel very sick. The adder bites you. The adder closely misses you.
You are too injured to fight recklessly!
You are too injured to fight recklessly!
You hit the adder.
You kill the adder!
You feel sick.
You hit the worm but do no damage.
You feel sick.
A kobold comes into view. It is wielding a +0 club.
The kobold shouts!
You hit the worm.
The worm is lightly wounded.
You feel sick. The worm closely misses you.
You thump the worm!
The worm is heavily wounded.
You feel sick. The worm bites you.
* * * LOW HITPOINT WARNING * * *
You hit the worm.
The worm is heavily wounded.
You feel sick. The worm bites you!
You die...

#..#................#######.#
#..#.##............(...# #.#
#..#.##.#########......# ###
#..#.##.# #........#
##..#.##.# #.#......#
....#.##.# #.########
##.##.##.# #.# ......##.###
#.# ##.#####.#.# #@#
...........# #w# .#.#####.#.#
#...# ....####.#.####.K.#
...........[.##.r.#
#..########.##.....
............##.#.#.#
.#.##########..#.#.. .#.#
.!##.##..


You could see a worm, a kobold and a rat.

Vanquished Creatures
  An adder (D:2)
  A dart slug (D:1)
  6 ball pythons (D:1)
  3 bats (D:1)
  2 endoplasms (D:1)
  A goblin (D:1)
  5 hobgoblins
  2 quokkas
  A frilled lizard (D:1)
  5 kobolds
  3 rats
30 creatures vanquished.

Notes
Turn   | Place    | Note
-------+----------+-------------------------------------------
     0 | D:1      | Nattfarinn the Ogre Warper began the quest for the Orb.
     0 | D:1      | Reached XP level 1. HP: 22/22 MP: 3/3
   116 | D:1      | Reached XP level 2. HP: 29/29 MP: 5/5
   119 | D:1      | Reached skill level 3 in Fighting
   265 | D:1      | Found Suckamup's Magic Scroll Boutique.
   843 | D:1      | Reached XP level 3. HP: 32/37 MP: 6/6
   987 | D:1      | Found a faded altar of an unknown god.
  1527 | D:2      | Slain by a worm

Illustrated notes

Levels and vault maps discovered:
D:1:      dpeg_arrival_tiny_j, layout_basic, dilly_ecumenical_altar_fadedgnrine,
          serial_shops, shop, minmay_misc_feat_roman
D:2:      minmay_general_purpose_star, layout_basic

Skill      XL: |  1  2 |
---------------+-------+-----
Maces & Flails | 2 |  2.8
Fighting       | 3 |  3.4
Throwing       | |  1.0
Dodging        | |  2.5
Spellcasting   | |  2.4
Translocations | |  2.6

Action                   || total
-------------------------++-------
Melee: Mace              ||   103
Armor: Robe              ||    61
Dodge: Dodged            ||    56

Table legend: (Time is in decaauts)
 A = Elapsed time spent in this place.
 B = Non-inter-level travel time spent in this place.
 C = Inter-level travel time spent in this place.
 D = Time resting spent in this place.
 E = Time spent auto-exploring this place.
 F = Levels seen in this place.
 G = Mean time per level.
                   A        B        C        D        E       F      G
               +--------+--------+--------+--------+--------+-----+--------+
         Total |   1555 |   1520 |     35 |      0 |   1300 |   2 |  777.5 |
       Dungeon |   1555 |   1520 |     35 |      0 |   1300 |   2 |  777.5 |
               +--------+--------+--------+--------+--------+-----+--------+

Top non-repeatable levels by time:
     D:1: 1200 daAuts
     D:2: 355 daAuts
